[ AOE2 MATCH · #463514398 ]
Team RMBulgarians vs Hindustanis
[ REPLAY ANALYSIS · EXTRACTED FROM THE RECORDED GAME ]
Feudal
—
Castle
—
Imperial
—
| APM avg | 16.6 |
| APM peak | 45 |
| eAPM avg | 10.0 |
| Villagers / military | 25 / 0 |
Focus
⚔️ 3.0% · 🌾 97.0%
Feudal
—
Castle
—
Imperial
—
| APM avg | 12.2 |
| APM peak | 32 |
| eAPM avg | 7.1 |
| Villagers / military | 26 / 0 |
Focus
⚔️ 2.0% · 🌾 98.0%
Feudal
—
Castle
—
Imperial
—
| APM avg | 29.4 |
| APM peak | 59 |
| eAPM avg | 11.7 |
| Villagers / military | 22 / 0 |
Focus
⚔️ 2.3% · 🌾 97.7%
Feudal
—
Castle
—
Imperial
—
| APM avg | 25.8 |
| APM peak | 35 |
| eAPM avg | 15.6 |
| Villagers / military | 23 / 0 |
Focus
⚔️ 12.4% · 🌾 87.6%
Feudal
—
Castle
—
Imperial
—
| APM avg | 13.3 |
| APM peak | 33 |
| eAPM avg | 8.5 |
| Villagers / military | 35 / 0 |
Focus
⚔️ 6.2% · 🌾 93.8%
Feudal
—
Castle
—
Imperial
—
| APM avg | 16.1 |
| APM peak | 27 |
| eAPM avg | 8.5 |
| Villagers / military | 23 / 0 |
Focus
⚔️ 10.6% · 🌾 89.4%
Feudal
—
Castle
—
Imperial
—
| APM avg | 43.0 |
| APM peak | 59 |
| eAPM avg | 15.5 |
| Villagers / military | 31 / 0 |
Focus
⚔️ 36.5% · 🌾 63.5%
Fishing Ship ×8
Feudal
—
Castle
—
Imperial
—
| APM avg | 16.4 |
| APM peak | 32 |
| eAPM avg | 9.6 |
| Villagers / military | 11 / 0 |
Focus
⚔️ 7.5% · 🌾 92.5%
Match map
Initial resources + every placement click. Lines = walls · curves = elevation contours. ◆ gold · ⬟ stone · ● berries · ✦ relic · ◌ wall gap
Inputs per minute
— Itas - - ILLYRIAN A1B
Build order — Itas
33 actions detected in the replay
| 0:09 | Build | House |
| 0:10 | Build | House |
| 0:16 | Build | House |
| 0:18 | Create | Villager (Male) ×4 |
| 2:16 | Create | Villager (Male) |
| 2:16 | Create | Villager (Male) |
| 2:35 | Create | Villager (Male) |
| 2:36 | Create | Villager (Male) |
| 2:36 | Create | Villager (Male) |
| 3:33 | Create | Villager (Male) |
| 3:33 | Create | Villager (Male) |
| 4:03 | Build | Lumber Camp |
| 4:08 | Create | Villager (Male) |
| 4:08 | Create | Villager (Male) |
| 5:31 | Create | Villager (Male) |
| 5:32 | Create | Villager (Male) |
| 5:32 | Create | Villager (Male) |
| 6:05 | Build | House |
| 6:06 | Build | House |
| 6:07 | Build | House |
| 6:08 | Build | House |
| 6:25 | Create | Villager (Male) |
| 6:26 | Create | Villager (Male) |
| 7:37 | Create | Villager (Male) |
| 8:02 | Create | Villager (Male) |
| 8:22 | Create | Villager (Male) |
| 8:23 | Create | Villager (Male) |
| 8:23 | Create | Villager (Male) |
| 8:23 | Create | Villager (Male) |
| 8:24 | Create | Villager (Male) |
| 8:36 | Build | Mill |
| 8:55 | Build | Dock |
| 9:05 | Build | Dock |
Build order — ILLYRIAN A1B
34 actions detected in the replay
| 0:02 | Research | Loom |
| 0:03 | Create | Villager (Male) |
| 0:03 | Create | Villager (Male) |
| 0:03 | Create | Villager (Male) |
| 0:07 | Build | House |
| 0:09 | Build | House |
| 0:09 | Build | House |
| 0:10 | Build | House |
| 1:18 | Create | Villager (Male) |
| 1:18 | Create | Villager (Male) |
| 2:09 | Create | Villager (Male) |
| 2:10 | Create | Villager (Male) |
| 2:10 | Create | Villager (Male) |
| 2:36 | Create | Villager (Male) |
| 3:04 | Create | Villager (Male) |
| 3:05 | Create | Villager (Male) |
| 3:35 | Create | Villager (Male) |
| 3:35 | Create | Villager (Male) |
| 4:23 | Create | Villager (Male) |
| 4:23 | Create | Villager (Male) |
| 4:23 | Create | Villager (Male) |
| 5:51 | Create | Villager (Male) |
| 5:51 | Create | Villager (Male) |
| 5:51 | Create | Villager (Male) |
| 5:52 | Create | Villager (Male) |
| 7:11 | Create | Villager (Male) |
| 7:12 | Create | Villager (Male) |
| 7:55 | Build | Mill |
| 7:59 | Create | Villager (Male) |
| 7:59 | Create | Villager (Male) |
| 8:30 | Build | Lumber Camp |
| 8:34 | Create | Villager (Male) |
| 8:52 | Build | Dock |
| 9:02 | Create | Villager (Male) |
Build order — RiKa
30 actions detected in the replay
| 0:00 | Create | Villager (Male) ×4 |
| 0:07 | Build | House |
| 0:13 | Build | House |
| 1:30 | Build | House |
| 1:42 | Build | House |
| 1:45 | Build | Palisade Wall |
| 2:09 | Create | Villager (Male) |
| 2:09 | Create | Villager (Male) |
| 2:09 | Create | Villager (Male) |
| 2:20 | Create | Villager (Male) |
| 2:21 | Create | Villager (Male) |
| 2:45 | Create | Villager (Male) |
| 2:45 | Create | Villager (Male) |
| 3:23 | Create | Villager (Male) |
| 3:24 | Create | Villager (Male) |
| 3:56 | Create | Villager (Male) |
| 3:57 | Create | Villager (Male) |
| 4:09 | Create | Villager (Male) |
| 4:09 | Create | Villager (Male) |
| 5:01 | Create | Villager (Male) |
| 5:02 | Create | Villager (Male) |
| 5:02 | Create | Villager (Male) |
| 6:06 | Build | House |
| 6:21 | Build | House |
| 6:23 | Build | House |
| 6:27 | Build | House |
| 6:38 | Build | House |
| 7:17 | Build | House |
| 7:42 | Create | Villager (Male) |
| 7:42 | Create | Villager (Male) |
Build order — clitlador
35 actions detected in the replay
| 0:00 | Create | Villager (Male) |
| 0:01 | Create | Villager (Male) |
| 0:03 | Build | House |
| 0:04 | Build | House |
| 0:25 | Create | Villager (Male) |
| 0:45 | Research | Loom |
| 1:03 | Create | Villager (Male) |
| 1:04 | Create | Villager (Male) |
| 1:29 | Build | Palisade Wall |
| 1:39 | Create | Villager (Male) |
| 2:25 | Build | Palisade Wall |
| 2:27 | Build | Palisade Wall |
| 2:30 | Create | Villager (Male) |
| 2:49 | Create | Villager (Male) |
| 3:18 | Create | Villager (Male) |
| 3:18 | Create | Villager (Male) |
| 3:37 | Create | Villager (Male) |
| 4:21 | Create | Villager (Male) |
| 4:21 | Create | Villager (Male) |
| 5:22 | Create | Villager (Male) |
| 5:22 | Create | Villager (Male) |
| 5:27 | Build | Lumber Camp |
| 5:48 | Build | House |
| 6:07 | Create | Villager (Male) |
| 6:26 | Create | Villager (Male) |
| 6:56 | Create | Villager (Male) |
| 6:58 | Build | Lumber Camp |
| 7:23 | Create | Villager (Male) |
| 7:23 | Create | Villager (Male) |
| 7:48 | Build | House |
| 8:34 | Create | Villager (Male) |
| 8:37 | Build | House |
| 8:51 | Build | Palisade Wall |
| 9:27 | Create | Villager (Male) |
| 9:27 | Create | Villager (Male) |
Build order — Dorek xD
48 actions detected in the replay
| 0:01 | Create | Villager (Male) |
| 0:02 | Create | Villager (Male) |
| 0:02 | Create | Villager (Male) |
| 0:06 | Build | House |
| 0:25 | Research | Loom |
| 0:26 | Create | Villager (Male) |
| 0:26 | Create | Villager (Male) |
| 0:45 | Create | Villager (Male) |
| 1:05 | Build | Palisade Wall |
| 1:23 | Build | House |
| 1:25 | Build | House |
| 1:28 | Build | House |
| 1:31 | Build | House |
| 1:35 | Build | House |
| 1:42 | Build | House |
| 1:57 | Build | House |
| 2:07 | Create | Villager (Male) |
| 2:07 | Create | Villager (Male) |
| 2:07 | Create | Villager (Male) |
| 3:16 | Create | Villager (Male) |
| 3:16 | Create | Villager (Male) |
| 3:17 | Create | Villager (Male) |
| 3:54 | Create | Villager (Male) |
| 3:55 | Create | Villager (Male) |
| 4:18 | Create | Villager (Male) |
| 4:19 | Create | Villager (Male) |
| 4:58 | Create | Villager (Male) |
| 4:58 | Create | Villager (Male) |
| 5:25 | Create | Villager (Male) |
| 5:25 | Create | Villager (Male) |
| 5:25 | Create | Villager (Male) |
| 5:25 | Create | Villager (Male) |
| 5:51 | Create | Villager (Male) |
| 5:51 | Create | Villager (Male) |
| 5:51 | Create | Villager (Male) |
| 5:52 | Create | Villager (Male) |
| 6:44 | Build | Mill |
| 6:54 | Build | Lumber Camp |
| 6:59 | Create | Villager (Male) |
| 7:00 | Create | Villager (Male) |
| 7:00 | Create | Villager (Male) |
| 7:00 | Create | Villager (Male) |
| 8:19 | Build | Mining Camp |
| 8:23 | Create | Villager (Male) |
| 8:23 | Create | Villager (Male) |
| 8:23 | Create | Villager (Male) |
| 8:24 | Create | Villager (Male) |
| 8:44 | Create | Villager (Male) |
Build order — Manurath
29 actions detected in the replay
| 0:02 | Create | Villager (Male) ×4 |
| 0:04 | Build | House |
| 0:05 | Build | House |
| 1:22 | Create | Villager (Male) |
| 1:47 | Build | Lumber Camp |
| 1:52 | Create | Villager (Male) |
| 2:21 | Create | Villager (Male) |
| 2:28 | Create | Villager (Male) |
| 3:44 | Create | Villager (Male) |
| 3:44 | Create | Villager (Male) |
| 3:44 | Create | Villager (Male) |
| 4:10 | Research | Loom |
| 4:14 | Create | Villager (Male) |
| 5:04 | Create | Villager (Male) |
| 5:04 | Create | Villager (Male) |
| 5:04 | Create | Villager (Male) |
| 5:10 | Build | House |
| 6:12 | Create | Villager (Male) |
| 6:13 | Create | Villager (Male) |
| 6:13 | Create | Villager (Male) |
| 6:13 | Create | Villager (Male) |
| 7:18 | Create | Villager (Male) |
| 7:19 | Create | Villager (Male) |
| 7:24 | Build | Mill |
| 8:33 | Build | Lumber Camp |
| 8:48 | Create | Villager (Male) |
| 9:21 | Create | Villager (Male) |
| 9:24 | Build | House |
| 9:29 | Build | House |
Build order — dusen128371
53 actions detected in the replay
| 0:02 | Create | Villager (Male) |
| 0:02 | Create | Villager (Male) |
| 0:02 | Create | Villager (Male) |
| 0:04 | Build | House |
| 0:11 | Research | Loom |
| 0:31 | Build | House |
| 0:42 | Create | Villager (Male) |
| 0:42 | Create | Villager (Male) |
| 0:46 | Build | House |
| 0:58 | Build | House |
| 1:01 | Build | Palisade Wall |
| 1:07 | Build | Palisade Wall |
| 1:13 | Build | Palisade Wall |
| 1:17 | Build | Palisade Wall |
| 2:04 | Create | Villager (Male) |
| 2:04 | Create | Villager (Male) |
| 2:04 | Create | Villager (Male) |
| 2:04 | Create | Villager (Male) |
| 3:06 | Create | Villager (Male) |
| 3:07 | Create | Villager (Male) |
| 3:08 | Create | Villager (Male) |
| 4:07 | Create | Villager (Male) |
| 4:07 | Create | Villager (Male) |
| 4:09 | Create | Villager (Male) |
| 4:10 | Create | Villager (Male) |
| 4:10 | Create | Villager (Male) |
| 4:10 | Create | Villager (Male) |
| 4:21 | Create | Villager (Male) |
| 5:42 | Create | Villager (Male) |
| 5:42 | Create | Villager (Male) |
| 6:00 | Build | Dock |
| 6:22 | Build | Lumber Camp |
| 6:30 | Create | Villager (Male) |
| 7:24 | Create | Fishing Ship |
| 7:25 | Create | Fishing Ship |
| 7:27 | Create | Villager (Male) |
| 7:27 | Create | Villager (Male) |
| 7:27 | Create | Villager (Male) |
| 7:28 | Create | Villager (Male) |
| 7:28 | Create | Villager (Male) |
| 7:28 | Create | Villager (Male) |
| 7:29 | Create | Villager (Male) |
| 7:41 | Create | Fishing Ship |
| 7:41 | Create | Fishing Ship |
| 8:19 | Create | Villager (Male) |
| 8:20 | Create | Fishing Ship |
| 8:20 | Create | Fishing Ship |
| 8:44 | Build | House |
| 8:46 | Build | House |
| 8:48 | Build | House |
| 8:53 | Create | Villager (Male) |
| 9:17 | Create | Fishing Ship |
| 9:18 | Create | Fishing Ship |
Build order — Runner
22 actions detected in the replay
| 0:03 | Create | Villager (Male) |
| 0:03 | Create | Villager (Male) |
| 0:04 | Create | Villager (Male) |
| 0:04 | Create | Villager (Male) |
| 0:05 | Research | Loom |
| 0:09 | Build | House |
| 0:10 | Build | House |
| 0:14 | Build | House |
| 0:20 | Build | House |
| 0:22 | Build | House |
| 0:51 | Build | House |
| 3:25 | Build | Palisade Wall |
| 3:38 | Create | Villager (Male) |
| 3:38 | Create | Villager (Male) |
| 3:38 | Create | Villager (Male) |
| 4:20 | Build | Building 804 |
| 5:39 | Build | Palisade Wall |
| 7:41 | Create | Villager (Male) |
| 7:41 | Create | Villager (Male) |
| 7:41 | Create | Villager (Male) |
| 7:42 | Create | Villager (Male) |
| 8:27 | Build | Palisade Wall |
Match timeline
| 1:01 | dusen128371 · wall_segment Palisade Wall x1 |
| 1:05 | Dorek xD · wall_segment Palisade Wall x13 |
| 1:07 | dusen128371 · wall_segment Palisade Wall x1 |
| 1:13 | dusen128371 · wall_segment Palisade Wall x1 |
| 1:17 | dusen128371 · wall_segment Palisade Wall x1 |
| 1:29 | clitlador · wall_segment Palisade Wall x8 |
| 1:45 | RiKa · wall_segment Palisade Wall x1 |
| 2:25 | clitlador · wall_segment Palisade Wall x4 |
| 2:27 | clitlador · wall_segment Palisade Wall x6 |
| 3:25 | Runner · wall_segment Palisade Wall x22 |
| 5:39 | Runner · wall_segment Palisade Wall x22 |
| 6:00 | dusen128371 · first_building Dock |
| 8:27 | Runner · wall_segment Palisade Wall x19 |
| 8:51 | clitlador · wall_segment Palisade Wall x1 |
| 8:52 | ILLYRIAN A1B · first_building Dock |
| 8:55 | Itas · first_building Dock |
| 9:05 | RiKa · resign |
[ AI ANALYSIS · 1 CREDIT ]
What really happened in this match?
Wolo.gg analyzes every decision: build order, eco, micro, common mistakes by bracket. Personalized analysis on WhatsApp or Discord in 30 seconds.
Civ guide
Bulgarians
Map guide
Black Forest
Perfil
Itas